Map: [ESL] Site Delta

Players

ShoWTimE

  • Race: Protoss Protoss
  • Spawn Location: 11:00

SKillous - Winner!

  • Race: Protoss Protoss
  • Spawn Location: 5:00

Event: ESL SC2 Masters 2023 Winter (Regional)

VOD

Have the link to the VOD?

Description

Time

  • Played on: Oct. 28, 2023, 10:01 a.m.
  • Length: 6:01

All games in this series

Show
View Real Time Build Order
Export as new Build Order

ShoWTimE Protoss 

Build Orders: Oracle Opening 

Get SALT Encoding   

  12  0:00  Probe  
  13  0:12  Probe  
  14  0:18  Pylon  
  14  0:24  Probe (Chrono Boost)  
  15  0:36  Probe (Chrono Boost)  
  15  0:37  Gateway  
  16  0:45  Probe (Chrono Boost)  
  16  0:46  Assimilator  
  17  0:51  Probe  
  18  0:58  Assimilator  
  18  1:03  Probe  
  19  1:11  Pylon  
  19  1:15  Probe (Chrono Boost)  
  20  1:24  Cybernetics Core  
  21  1:25  Probe (Chrono Boost)  
  21  1:30  Probe (Chrono Boost)  
  21  1:32  Zealot  
  24  1:41  Probe  
  25  1:53  Probe  
  26  2:02  Stargate  
  26  2:05  Stalker  
  28  2:15  Warp Gate  
  28  2:29  Nexus  
  28  2:36  Shield Battery  
  28  2:42  Pylon  
  28  2:48  Oracle (Chrono Boost)  
  31  3:00  Probe  
  31  3:02  Shield Battery  
  32  3:07  Stalker  
  32  3:12  Probe  
  35  3:17  Shield Battery  
  36  3:32  Void Ray (Chrono Boost)  
  39  3:35  Shield Battery  
  39  3:46  Shield Battery, Probe  
  40  3:54  Shield Battery  
  44  4:04  Stalker  
  44  4:05  Void Ray (Chrono Boost)  
  46  4:12  Pylon  
  44  4:24  Probe x2  
  46  4:30  Stalker  
  48  4:39  Shield Battery  
  42  4:57  Stalker  
  44  5:03  Void Ray (Chrono Boost)  
  47  5:13  Probe  
  47  5:14  Probe  
  39  5:29  Stalker  
Show
View Real Time Build Order
Export as new Build Order

SKillous Protoss - Winner!

Build Orders: Phoenix Opening, Blink Stalkers 

Get SALT Encoding   

  12  0:00  Probe  
  13  0:12  Probe  
  14  0:17  Pylon  
  14  0:24  Probe  
  15  0:36  Gateway, Probe (Chrono Boost)  
  16  0:46  Probe (Chrono Boost)  
  16  0:47  Assimilator  
  17  0:51  Probe (Chrono Boost)  
  17  0:55  Assimilator  
  18  1:03  Probe (Chrono Boost)  
  19  1:08  Gateway  
  20  1:12  Probe (Chrono Boost)  
  20  1:17  Probe (Chrono Boost)  
  21  1:26  Cybernetics Core  
  21  1:29  Probe  
  22  1:36  Pylon  
  22  1:41  Probe  
  23  1:51  Pylon  
  23  2:02  Warp Gate  
  23  2:03  Adept  
  23  2:04  Stalker  
  27  2:13  Twilight Council  
  27  2:33  Stalker  
  27  2:34  Stalker  
  31  2:44  Gateway  
  31  2:51  Blink (Chrono Boost)  
  31  2:59  Pylon  
  31  3:09  Shield Battery  
  31  3:17  Gateway  
  31  3:26  Sentry  
  33  3:54  Stalker x2  
  37  3:56  Phoenix  
  37  4:04  Stalker  
  37  4:13  Stalker  
  37  4:17  Stalker x2  
  41  4:28  Stalker  
  41  4:51  Stalker x2  
  41  5:04  Stalker  
  41  5:08  Stalker  
  43  5:16  Stalker  
  43  5:27  Stalker  
  41  5:36  Stalker  
  41  5:44  Stalker  
Tags
 
Add a new tag
Caveats
  • Supply blocks, unpowered buildings, or Contaminate may cause inaccurate times.
  • Supply counts are checked every 10 seconds.